 Dungeon Crawl Stone Soup version 0.27-a0-1200-g94dc6ad4cf (webtiles) character file.

Game seed: 17096695023636886448

3279 Kinoniko the Slicer (level 9, -9/63 HPs)
             Began as a Demonspawn Berserker on June 1, 2021.
             Was an Elder of Trog.
             Killed from afar by Maurice (24 damage)
             ... with a bolt of acid
             ... on level 8 of the Dungeon.
             The game lasted 00:10:32 (7433 turns).

Kinoniko the Slicer (Demonspawn Berserker)          Turns: 7433, Time: 00:10:33

Health: -9/63      AC:  7    Str: 20    XL:     9   Next: 69%
Magic:  9/9        EV: 15    Int: 10    God:    Trog [****..]
Gold:   192        SH:  5    Dex: 12    Spells: 8/8 levels left

rFire    . . .     SeeInvis .   o - +3 rapier (vamp)
rCold    . . .     Faith    .   d - +0 buckler
rNeg     . . .     Spirit   .   b - +3 ring mail
rPois    .         Reflect  .   l - +0 helmet
rElec    .         Harm     .   v - +2 cloak {Will+}
rCorr    .         Rampage  .   f - +0 pair of gloves
Will     +....                  (no boots)
Stlth    +.........             (no amulet)
HPRegen  0.20/turn              A - +4 ring of evasion
MPRegen  0.11/turn              (no ring)

@: corroded, on berserk cooldown, slowed, very slow
A: talons 2, sharp scales 2
a: Renounce Religion, Berserk, Trog's Hand, Brothers in Arms


You were on level 8 of the Dungeon.
You worshipped Trog.
Trog was greatly pleased with you.
You visited 1 branch of the dungeon, and saw 8 of its levels.

You collected 335 gold pieces.
You spent 143 gold pieces at shops.

Inventory:

Hand Weapons
 o - a +3 vampiric rapier (weapon)
 r - a +0 long sword
Missiles
 k - a throwing net
 q - 7 atropa-tipped darts
 z - a curare-tipped dart
Armour
 b - a +3 ring mail (worn)
 d - a +0 buckler (worn)
 f - a +0 pair of gloves (worn)
 l - a +0 helmet (worn)
 v - a +2 cloak of willpower (worn)
Jewellery
 A - a +4 ring of evasion (left hand)
Wands
 p - a wand of polymorph (19)
 x - a wand of flame (18)
Scrolls
 a - a scroll of silence
 c - a scroll of teleportation
 g - 2 scrolls of vulnerability
 m - a scroll of fog
 n - a scroll of blinking
 y - a scroll of magic mapping
Potions
 e - a potion of lignification
 h - a potion of mutation
 i - a potion of cancellation
 j - a potion of brilliance
 s - a potion of resistance
 t - 3 potions of curing
 w - 3 potions of attraction {unknown}


   Skills:
 - Level 3.0 Fighting
 * Level 9.8(10.7) Short Blades
 - Level 7.1(9.5) Long Blades
 - Level 1.7 Armour
 - Level 1.7 Dodging
 - Level 4.1 Shields


You had 8 spell levels left.
You didn't know any spells.
Your spell library was empty.

Dungeon Overview and Level Annotations

Branches:
Dungeon (8/15)             Temple (0/1) D:7
   Lair: D:8-11

Altars:
Cheibriados
Dithmenos
Fedhas
Nemelex Xobeh
Ru
Sif Muna
Zin
The Shining One

Shops:
D:1 =   D:2 [   D:4 !

Annotations:
D:3 1 runed translucent door, caleiya's ghost, amateur GrFi
D:7 2 transporters
D:8 Maurice


Innate Abilities, Weirdness & Mutations

You have razor-sharp toenails.
You are mostly covered in razor-sharp scales. (AC +2, Slay +2)


Message History

You puncture Maurice!
You feel better.
You claw Maurice, but do no damage.
Maurice is almost dead.
Maurice casts a spell.
Maurice puts on a burst of speed!
You hit Maurice but do no damage.
Maurice is almost dead.
Maurice hits you with a +0 short sword.
Maurice steals 1 of your 2 throwing nets!
You hit Maurice.
You feel better.
Your kick misses Maurice.
Maurice is almost dead.
Maurice hits you with a +0 short sword.
Maurice steals 64 gold pieces!
You now have 192 gold pieces.
You hit Maurice but do no damage. Your kick misses Maurice.
Maurice is almost dead.
Maurice mumbles some strange words.
Maurice blinks!
Maurice throws a throwing net.
The throwing net hits you.
You become entangled in the net!
You see here a throwing net.
You tear a large gash into the net.
Maurice zaps a wand.
The bolt of acid hits you!
You are splashed with acid!
* * * LOW HITPOINT WARNING * * *
You struggle against the net.
You struggle against the net.
Maurice hits you with a +0 short sword.
* * * LOW HITPOINT WARNING * * *
Maurice steals your potion of heal wounds!
Maurice drinks a potion.
Maurice is healed!
Unknown command.
You rip the net and break free!
Maurice barely misses you.
You hit Maurice.
Maurice is heavily wounded.
Maurice hits you with a +0 short sword.
* * * LOW HITPOINT WARNING * * *
Maurice steals 1 of your 2 potions of mutation!
You hit Maurice.
You feel better.
Maurice is heavily wounded.
Maurice gestures wildly while chanting.
Maurice blinks!
Maurice zaps a wand.
The bolt of acid hits you!!
You die...

##### ##...##
##.....##
#.......#
#.......#
#..@....# ###
##...@.##
...###.....##
#..#.......#
.##....?....######
...[.............
######.....###..
##...## #.# #....#
..#


You could see Maurice (strong, swift).

Vanquished Creatures
  Grinder (D:5)
  Eustachio (D:5)
  3 vampire mosquitoes (D:6)
  3 water moccasins
  An orc warrior (D:8)
  2 ice beasts (D:7)
  A sky beast (D:7)
  2 ogres
  3 centaurs
  A phantom (D:6)
  A kobold brigand (D:7)
  4 bullfrogs
  A scorpion (D:6)
  A gnoll sergeant (D:7)
  2 water moccasin zombies
  A water moccasin skeleton (D:4)
  A killer bee (D:7)
  A wight (D:7)
  2 howler monkeys (D:7)
  2 centaur skeletons
  3 hounds
  A jelly (D:7)
  A bullfrog skeleton (D:7)
  Crazy Yiuf (D:3)
  A gnoll shaman (D:7)
  An iguana (D:5)
  A killer bee zombie (D:7)
  A hound skeleton (D:4)
  Robin (D:3)
  A howler monkey skeleton (D:3)
  4 adders
  10 gnolls
  2 white imps (D:7)
  An ufetubus (D:6)
  4 worms
  3 dart slugs
  21 orcs
  2 endoplasms
  A giant cockroach (D:4)
  14 goblins
  15 hobgoblins
  9 jackals
  6 kobolds
  A quokka (D:1)
  7 ball pythons
  5 bats
  A frilled lizard (D:3)
  A rat (D:2)
153 creatures vanquished.

Notes
Turn   | Place    | Note
-------+----------+-------------------------------------------
     0 | D:1      | Kinoniko the Demonspawn Berserker began the quest for the
                  | Orb.
     0 | D:1      | Reached XP level 1. HP: 18/18 MP: 1/1
   107 | D:1      | Gained mutation: You are partially covered in razor-sharp
                  | scales. (AC +1, Slay +1) [demonic ancestry]
   107 | D:1      | Reached XP level 2. HP: 11/24 MP: 2/2
   621 | D:1      | Found Ikehuri's Jewellery Shoppe.
  1010 | D:1      | Found a faded altar of an unknown god.
  1306 | D:2      | Reached XP level 3. HP: 29/29 MP: 3/3
  1306 | D:2      | Reached ** piety under Trog
  1587 | D:2      | Found a snail-covered altar of Cheibriados.
  1605 | D:2      | Found Loenk's Antique Armour Boutique.
  1956 | D:3      | Reached skill level 1 in Shields
  2097 | D:3      | Reached XP level 4. HP: 35/35 MP: 4/4
  2101 | D:3      | Found a runed translucent door.
  2105 | D:3      | Noticed caleiya's ghost (amateur GrFi)
  2135 | D:3      | Noticed Robin
  2163 | D:3      | Killed Robin
  2299 | D:3      | Found a sacrificial altar of Ru.
  2377 | D:3      | Found a shadowy altar of Dithmenos.
  2420 | D:3      | Found a runed translucent door.
  2421 | D:3      | Noticed Crazy Yiuf
  2616 | D:3      | You fall into a shaft and drop 1 floor!
  2700 | D:4      | Reached *** piety under Trog
  2711 | D:4      | You fall into a shaft and drop 2 floors!
  2712 | D:6      | Noticed a phantom
  2718 | D:6      | Killed a phantom
  2719 | D:6      | Reached skill level 5 in Long Blades
  2719 | D:6      | Gained mutation: You have sharp toenails. [demonic
                  | ancestry]
  2719 | D:6      | Reached XP level 5. HP: 41/41 MP: 5/5
  2844 | D:6      | Noticed an ogre
  2846 | D:6      | Killed an ogre
  2847 | D:6      | Reached XP level 6. HP: 47/47 MP: 6/6
  3245 | D:6      | Found a snail-covered altar of Cheibriados.
  3323 | D:5      | Entered Level 5 of the Dungeon
  3589 | D:4      | Found Roanwij's Distillery.
  4088 | D:3      | Killed Crazy Yiuf
  4089 | D:3      | Reached XP level 7. HP: 52/52 MP: 7/7
  4162 | D:4      | Bought 2 potions of curing for 78 gold pieces
  4162 | D:4      | Bought a potion of heal wounds for 65 gold pieces
  4601 | D:5      | Noticed Eustachio
  4615 | D:5      | Killed Eustachio
  5062 | D:5      | Noticed Grinder
  5071 | D:5      | Killed Grinder
  5072 | D:5      | Reached skill level 2 in Short Blades
  5072 | D:5      | Gained mutation: You have razor-sharp toenails. [demonic
                  | ancestry]
  5072 | D:5      | Reached XP level 8. HP: 58/58 MP: 8/8
  5245 | D:5      | Found a blossoming altar of Fedhas.
  5249 | D:5      | Reached skill level 3 in Short Blades
  5366 | D:6      | Reached skill level 4 in Short Blades
  5368 | D:6      | Reached skill level 5 in Short Blades
  5934 | D:7      | Found a shimmering blue altar of Sif Muna.
  5962 | D:7      | Reached skill level 6 in Short Blades
  6130 | D:7      | Noticed a six-headed hydra
  6133 | D:7      | Found a transporter.
  6290 | D:7      | Reached skill level 7 in Short Blades
  6322 | D:7      | Found a sparkling altar of Nemelex Xobeh.
  6326 | D:7      | Gained mutation: You are mostly covered in razor-sharp
                  | scales. (AC +2, Slay +2) [demonic ancestry]
  6326 | D:7      | Reached XP level 9. HP: 61/63 MP: 9/9
  6358 | D:7      | Reached **** piety under Trog
  6529 | D:7      | Found a staircase to the Ecumenical Temple.
  6784 | D:7      | Reached skill level 8 in Short Blades
  6861 | D:7      | Found a transporter.
  7069 | D:7      | Reached skill level 9 in Short Blades
  7406 | D:8      | Noticed Maurice
  7433 | D:8      | Killed from afar by Maurice

Illustrated notes

Levels and vault maps discovered:
D:1:      psy_arrival_dodecagon, layout_loops_corners, basic_ecumenical_altar,
          serial_shops, nicolae_shop_crystal
D:2:      layout_rooms, serial_shops, shop_fountains, basic_altar
D:3:      layout_loops_ring, general_overflow_altar, lemuel_round_altar,
          ebering_ghost_reflecting_pool, cheibrodos_sewer_entry_bend,
          uniq_robin, uniq_crazy_yiuf_cottage
D:4:      layout_cave_pools, lemuel_round_altar, serial_shops, shop
D:5:      layout_basic, marbit_many_paths, uniq_grinder, uniq_eustachio
D:6:      layout_basic, lemuel_crystal_altar, eino_curves_02
D:7:      minmay_s_stair_smasher, layout_basic, lemuel_round_altar,
          gammafunk_temple_overflow_arena, nemelex_xobeh_ov_fountains_minmay,
          minmay_temple_entry_arrows
D:8:      layout_rooms, lightli_orcish_oven, uniq_maurice, uniq_grum,
          uniq_gastronok

Skill      XL: |  1  2  3  4  5  6  7  8  9 |
---------------+----------------------------+-----
Long Blades    | 3 4 5 6 7 |  7.1
Shields        | 1 2 3 4 |  4.1
Short Blades   | 2 7 9 |  9.8
Fighting       | |  3.0
Armour         | |  1.7
Dodging        | |  1.7

Action                   |  1- 3 |  4- 6 |  7- 9 || total
-------------------------+-------+-------+-------++-------
Melee: Falchion          |    89 |   105 |       ||   194
       Kick              |       |    25 |    62 ||    87
       Long sword        |       |    18 |    31 ||    49
       Rapier            |       |       |   198 ||   198
Invok: Berserk           |     2 |     7 |    11 ||    20
  Use: Scroll            |     1 |     8 |     6 ||    15
 Stab: Sleeping          |     1 |       |       ||     1
Armor: Animal skin       |     8 |       |       ||     8
       Leather armour    |    19 |       |       ||    19
       Ring mail         |     6 |    54 |    69 ||   129
Dodge: Dodged            |    74 |    65 |    93 ||   232
Block: Buckler           |    13 |    22 |    44 ||    79
       Rpst.: Falchion   |    27 |    22 |       ||    49
       Long sword        |       |     2 |     8 ||    10

Table legend: (Time is in decaauts)
 A = Elapsed time spent in this place.
 B = Non-inter-level travel time spent in this place.
 C = Inter-level travel time spent in this place.
 D = Time resting spent in this place.
 E = Time spent auto-exploring this place.
 F = Levels seen in this place.
 G = Mean time per level.
                   A        B        C        D        E       F      G
               +--------+--------+--------+--------+--------+-----+--------+
         Total |   7603 |   7075 |    528 |   1333 |   4680 |   8 |  950.4 |
       Dungeon |   7603 |   7075 |    528 |   1333 |   4680 |   8 |  950.4 |
               +--------+--------+--------+--------+--------+-----+--------+

Top non-repeatable levels by time:
     D:1: 1387 daAuts
     D:7: 1302 daAuts
     D:3: 1256 daAuts
     D:6: 1233 daAuts
     D:5: 938 daAuts
     D:4: 681 daAuts
     D:2: 588 daAuts
     D:8: 215 daAuts
